 Dungeon Crawl Stone Soup version 0.28.0-53-g5a82cb258f (webtiles) character file.

Game seed: 14254736329334656005

140 Plasmagod the Ducker (level 5, 0/43 HPs)
             Began as a Gnoll Gladiator on July 20, 2022.
             Was an Initiate of Ashenzari.
             Slain by a water moccasin skeleton (4 damage)
             ... on level 4 of the Dungeon.
             The game lasted 00:04:39 (3660 turns).

Plasmagod the Ducker (Gnoll Gladiator)              Turns: 3660, Time: 00:04:39

Health: 0/43       AC:  4    Str: 13    XL:     5   Next: 22%
Magic:  7/7        EV: 14    Int:  9    God:    Ashenzari [......]
Gold:   136        SH:  0    Dex: 14    Spells: 6/6 levels left

rFire   . . .      SeeInvis .   e - +1 whip (venom)
rCold   . . .      Faith    .   (no shield)
rNeg    . . .      Spirit   .   b - +0 leather armour
rPois   .          Reflect  .   c - +0 helmet
rElec   .          Harm     .   (no cloak)
rCorr   .          Rampage  .   (no gloves)
Will    .....                   (no boots)
Stlth   ++........              (no amulet)
HPRegen 0.14/turn               (no ring)
MPRegen 0.10/turn               (no ring)

@: no status effects
A: fangs 1, strong nose, distributed training
a: Renounce Religion


You were on level 4 of the Dungeon.
You worshipped Ashenzari.
Ashenzari was noncommittal.
You visited 1 branch of the dungeon, and saw 4 of its levels.

You collected 136 gold pieces.

Inventory:

Hand Weapons
 a - a +0 quarterstaff
 e - a +1 whip of venom (weapon)
Missiles
 d - 3 throwing nets
 g - 14 poisoned darts (quivered)
Armour
 b - a +0 leather armour (worn)
 c - a +0 helmet (worn)
Magical Staves
 m - a staff of fire
Scrolls
 f - a scroll of immolation {unknown}
 h - a scroll of enchant armour {unknown}
 i - a scroll of noise {unknown}
 j - a scroll of identify {unknown}
 n - 2 scrolls of teleportation {unknown}
 o - a scroll of enchant weapon {unknown}
Potions
 k - a potion of mutation {unknown}
 l - a potion of heal wounds {unknown}
 p - a potion of attraction {unknown}


   Skills:
 + Level 4.7 Fighting
 + Level 1.4 Short Blades
 + Level 1.4 Long Blades
 + Level 1.4 Axes
 + Level 1.4 Maces & Flails
 + Level 1.4 Polearms
 + Level 6.6 Staves
 + Level 1.4 Slings
 + Level 1.4 Bows
 + Level 1.4 Crossbows
 + Level 4.7 Throwing
 + Level 1.4 Armour
 + Level 6.6 Dodging
 + Level 1.4 Stealth
 + Level 1.4 Shields
 + Level 1.4 Unarmed Combat
 + Level 1.4 Spellcasting
 + Level 1.1 Conjurations
 + Level 1.1 Hexes
 + Level 1.1 Summonings
 + Level 1.1 Necromancy
 + Level 1.1 Translocations
 + Level 1.1 Transmutations
 + Level 1.1 Fire Magic
 + Level 1.1 Ice Magic
 + Level 1.1 Air Magic
 + Level 1.1 Earth Magic
 + Level 1.1 Poison Magic
 + Level 1.5 Invocations
 + Level 1.4 Evocations


You had 6 spell levels left.
You didn't know any spells.
Your spell library contained the following spells:

 Spells                   Type           Power      Damage    Failure   Level
 Beastly Appendage        Tmut           4%         N/A       28%         1


Dungeon Overview and Level Annotations

Branches:
Dungeon (4/15)
 Temple: D:4-7

Altars:
Ashenzari
Kikubaaqudgha
Sif Muna
Vehumet


Innate Abilities, Weirdness & Mutations

You have very sharp teeth.
Your uncanny sense of smell can sniff out nearby items.
Your experience applies equally to all skills.


Message History

The water moccasin skeleton is heavily damaged.
You feel sick.
The water moccasin skeleton barely misses you.
The adder bites you but does no damage.
The water moccasin skeleton barely misses you.
You feel sick. The adder closely misses you.
You feel sick.
You feel sick. The adder bites you.
You feel sick.
You are no longer poisoned.
You miss the adder. The adder closely misses you.
You hit the adder. Your bite misses the adder.
The adder is lightly wounded.
The adder bites you.
You hit the adder.
The adder is poisoned.
The adder is heavily wounded.
The adder bites you.
* * * LOW HITPOINT WARNING * * *
The adder bites you but does no damage.
You hit the adder but do no damage.
The adder looks as sick as possible!
The adder is heavily wounded.
The adder bites you but does no damage.
You kill the adder!
You hit the water moccasin skeleton. You bite the water moccasin skeleton.
The water moccasin skeleton is severely damaged.
The water moccasin skeleton bites you.
* * * LOW HITPOINT WARNING * * *
You hit the water moccasin skeleton but do no damage.
You bite the water moccasin skeleton.
The water moccasin skeleton is severely damaged.
The water moccasin skeleton bites you.
* * * LOW HITPOINT WARNING * * *
You hit the water moccasin skeleton but do no damage.
The water moccasin skeleton is severely damaged.
The water moccasin skeleton closely misses you.
You hit the water moccasin skeleton but do no damage.
The water moccasin skeleton is severely damaged.
The water moccasin skeleton barely misses you.
The water moccasin skeleton bites you.
You die...

##### ######.@.# !
#...##.#Z# ..
###.#.##.#.######.#
#........#........#
#.#....###......###
#<...#.# #......#
##.###.# #......#
#..............#
######.###.....#


You could see a water moccasin skeleton.

Vanquished Creatures
  Jessica (D:2)
  7 adders
  8 ball pythons
  An endoplasm (D:1)
  3 giant cockroaches
  6 goblins
  4 hobgoblins
  2 jackals
  5 quokkas
  5 bats
  A frilled lizard (D:1)
  3 kobolds
  4 rats
50 creatures vanquished.

Notes
Turn   | Place    | Note
-------+----------+-------------------------------------------
     0 | D:1      | Plasmagod the Gnoll Gladiator began the quest for the Orb.
     0 | D:1      | Reached XP level 1. HP: 20/20 MP: 1/1
   448 | D:1      | Reached XP level 2. HP: 21/26 MP: 2/2
  1135 | D:2      | Reached XP level 3. HP: 27/31 MP: 3/3
  1572 | D:2      | Noticed Jessica
  1578 | D:2      | Killed Jessica
  1579 | D:2      | Reached skill level 1 in Short Blades
  1579 | D:2      | Reached skill level 1 in Long Blades
  1579 | D:2      | Reached skill level 1 in Axes
  1579 | D:2      | Reached skill level 1 in Maces & Flails
  1579 | D:2      | Reached skill level 1 in Polearms
  1579 | D:2      | Reached skill level 1 in Slings
  1579 | D:2      | Reached skill level 1 in Bows
  1579 | D:2      | Reached skill level 1 in Crossbows
  1579 | D:2      | Reached skill level 1 in Armour
  1579 | D:2      | Reached skill level 1 in Stealth
  1579 | D:2      | Reached skill level 1 in Shields
  1579 | D:2      | Reached skill level 1 in Unarmed Combat
  1579 | D:2      | Reached skill level 1 in Spellcasting
  1579 | D:2      | Reached skill level 1 in Invocations
  1579 | D:2      | Reached skill level 1 in Evocations
  1579 | D:2      | Reached XP level 4. HP: 20/38 MP: 5/5
  2530 | D:3      | Found a shimmering blue altar of Sif Muna.
  2531 | D:3      | Found an ancient bone altar of Kikubaaqudgha.
  2532 | D:3      | Found a radiant altar of Vehumet.
  2537 | D:3      | Got Sif Muna's Compendium of Shape Shifting
  2554 | D:3      | Reached skill level 1 in Conjurations
  2554 | D:3      | Reached skill level 1 in Hexes
  2554 | D:3      | Reached skill level 1 in Summonings
  2554 | D:3      | Reached skill level 1 in Necromancy
  2554 | D:3      | Reached skill level 1 in Translocations
  2554 | D:3      | Reached skill level 1 in Transmutations
  2554 | D:3      | Reached skill level 1 in Fire Magic
  2554 | D:3      | Reached skill level 1 in Ice Magic
  2554 | D:3      | Reached skill level 1 in Air Magic
  2554 | D:3      | Reached skill level 1 in Earth Magic
  2554 | D:3      | Reached skill level 1 in Poison Magic
  2947 | D:3      | Reached XP level 5. HP: 41/43 MP: 6/6
  2965 | D:3      | Found a faded altar of an unknown god.
  3516 | D:3      | Found a broken altar of Ashenzari.
  3521 | D:3      | Became a worshipper of Ashenzari the Shackled
  3660 | D:4      | Slain by a water moccasin skeleton

Illustrated notes

Levels and vault maps discovered:
D:1:      minmay_arrival_split_and_join, layout_loops_cross,
          minmay_tree_intersection
D:2:      layout_basic, uniq_jessica
D:3:      layout_basic, grunt_temple_overflow_magic_moments,
          mainiacjoe_overflow_alcove_2, shapermc_ecumenical_altar_gd
D:4:      cheibrodos_greedy_goblins, layout_basic, slow_altar_2, serial_shops,
          nicolae_lakefront_shop, uniq_ijyb

Skill      XL: |  1  2  3  4 |
---------------+-------------+-----
Short Blades   | 1 |  1.4
Long Blades    | 1 |  1.4
Axes           | 1 |  1.4
Maces & Flails | 1 |  1.4
Polearms       | 1 |  1.4
Slings         | 1 |  1.4
Bows           | 1 |  1.4
Crossbows      | 1 |  1.4
Armour         | 1 |  1.4
Stealth        | 1 |  1.4
Shields        | 1 |  1.4
Unarmed Combat | 1 |  1.4
Spellcasting   | 1 |  1.4
Invocations    | 1 |  1.5
Evocations     | 1 |  1.4
Conjurations   | 1 |  1.1
Hexes          | 1 |  1.1
Summonings     | 1 |  1.1
Necromancy     | 1 |  1.1
Translocations | 1 |  1.1
Transmutations | 1 |  1.1
Fire Magic     | 1 |  1.1
Ice Magic      | 1 |  1.1
Air Magic      | 1 |  1.1
Earth Magic    | 1 |  1.1
Poison Magic   | 1 |  1.1
Fighting       | |  4.7
Staves         | |  6.6
Throwing       | |  4.7
Dodging        | |  6.6

Action                   |  1- 3 |  4- 6 || total
-------------------------+-------+-------++-------
Melee: Whip              |    54 |    84 ||   138
       Quarterstaff      |    12 |       ||    12
       Bite              |     5 |    11 ||    16
       Punch             |     3 |       ||     3
 Stab: Sleeping          |     1 |     2 ||     3
Armor: Leather armour    |    10 |    32 ||    42
Dodge: Dodged            |    52 |   108 ||   160
